 Dungeon Crawl Stone Soup version 0.28-a0-872-g80cf8599ee (webtiles) character file.

Game seed: 17990001898550876477

317 greenreed the Ruffian (level 6, -1/48 HPs)
             Began as a Draconian Transmuter on Nov 20, 2021.
             Succumbed to a water moccasin's poison
             ... on level 4 of the Dungeon.
             The game lasted 00:22:08 (4640 turns).

greenreed the Ruffian (Draconian Transmuter)        Turns: 4640, Time: 00:22:08

Health: -1/48      AC:  6    Str: 14    XL:     6   Next: 20%
Magic:  9/11       EV: 12    Int: 14    God:
Gold:   142        SH:  0    Dex: 11    Spells: 10/12 levels left

rFire   . . .      SeeInvis .     - Unarmed
rCold   . . .      Faith    .   (no shield)
rNeg    . . .      Spirit   .   (armour unavailable)
rPois   +          Reflect  .   (helmet currently unavailable)
rElec   .          Harm     .   (no cloak)
rCorr   .          Rampage  .   (no gloves)
Will    .....                   (boots currently unavailable)
Stlth   +.........              (no amulet)
HPRegen 0.16/turn               d - ring of poison resistance
MPRegen 0.12/turn               (no ring)

@: lethally poisoned (-1 -> -19), appendages (expiring), flying
A: horns 2, talons 2, AC +6, unfitting armour, cold-blooded
a: End Transformation


You were on level 4 of the Dungeon.
You had temporarily grown beastly horns and talons.
You visited 1 branch of the dungeon, and saw 4 of its levels.

You collected 142 gold pieces.

Inventory:

Missiles
 j - 2 throwing nets
Armour
 e - a +1 hat
Jewellery
 d - a ring of poison resistance (left hand)
Scrolls
 a - a scroll of brand weapon {unknown}
 f - 4 scrolls of identify {unknown}
 g - a scroll of enchant armour {unknown}
 k - a scroll of blinking {unknown}
 l - a scroll of fog {unknown}
Potions
 b - a potion of might {unknown}
 c - a potion of flight
 h - a potion of heal wounds {unknown}
 i - 2 potions of resistance {unknown}


   Skills:
 + Level 2.0 Fighting
 + Level 2.6 Dodging
 + Level 4.5 Unarmed Combat
 + Level 3.5 Spellcasting
 + Level 1.3 Summonings
 + Level 3.1 Transmutations


You had 10 spell levels left.
You knew the following spells:

 Your Spells              Type           Power      Damage    Failure   Level
a - Beastly Appendage     Tmut           22%        N/A       5%          1
b - Summon Small Mammal   Summ           24%        N/A       12%         1

Your spell library contained the following spells:

 Spells                   Type           Power      Damage    Failure   Level
 Wereblood                Tmut           11%        N/A       9%          2
 Static Discharge         Conj/Air       2%         N/A       30%         2
 Sublimation of Blood     Necr           2%         N/A       30%         2
 Spider Form              Tmut/Pois      6%         N/A       32%         3
 Call Canine Familiar     Summ           6%         N/A       34%         3
 Ignite Poison            Fire/Tmut/Pois 5%         N/A       36%         3
 Summon Guardian Golem    Hex/Summ       4%         N/A       43%         3
 Frozen Ramparts          Ice            4%         1d2       52%         3
 Inner Flame              Hex/Fire       2%         N/A       52%         3
 Mephitic Cloud           Conj/Pois/Air  2%         N/A       52%         3
 Tukima's Dance           Hex            2%         N/A       52%         3
 Ice Form                 Ice/Tmut       6%         N/A       71%         4
 Petrify                  Tmut/Erth      6%         N/A       71%         4
 Summon Ice Beast         Ice/Summ       4%         N/A       83%         4
 Cause Fear               Hex            1%         N/A       90%         4
 Dispel Undead            Necr           2%         3d7       90%         4
 Passage of Golubria      Tloc           2%         N/A       90%         4
 Sticky Flame             Conj/Fire      2%         2d3       90%         4
 Irradiate                Conj/Tmut      3%         3d14      96%         5
 Yara's Violent Unravell  Hex/Tmut       3%         3d4       96%         5
 Freezing Cloud           Conj/Ice/Air   1%         6-21      99%         5
 Discord                  Hex            1%         N/A       100%        8
 Chain Lightning          Conj/Air       1%         3d1       100%        9
 Fire Storm               Conj/Fire      1%         7d1       100%        9
 Shatter                  Erth           1%         3d5*      100%        9


Dungeon Overview and Level Annotations

Branches:
Dungeon (4/15)
 Temple: D:4-7

Altars:
Kikubaaqudgha
Trog


Innate Abilities, Weirdness & Mutations

You have temporarily grown beastly horns and talons.
Your plain brown scales are hard. (AC +6)
You cannot fit into any form of body armour.
You are cold-blooded and may be slowed by cold attacks.


Message History

The centaur skeleton misses your bat. The orc closely misses you.
Casting: Summon Small Mammal (safe; 12% risk of failure)
Confirm with . or Enter, or press ? or * to list all spells.
You grow a pair of large bovine horns.
Your feet morph into talons.
Your bat completely misses the water moccasin.
Your bat barely misses the orc.
The centaur skeleton hits your bat.
Your bat dies!
Your bat's corpse disappears in a puff of smoke!
The orc hits you but does no damage.
You extend your transformation's duration.
The orc barely misses you.
You barely miss the orc. You claw the orc.
Your tail-slap misses the orc.
The orc is moderately wounded.
The orc misses you.
The iguana hisses menacingly.
There is a stone staircase leading up here.
An adder comes into view.
The adder hisses angrily.
The water moccasin bites you.
You are poisoned.
The water moccasin poisons you!
You feel very sick.
You feel sick.
The water moccasin bites you but does no damage.
You feel sick.
You feel sick. The water moccasin bites you.
You are lethally poisoned!
The water moccasin poisons you!
You completely miss the water moccasin.
* * * LOW HITPOINT WARNING * * *
You feel very sick. The water moccasin bites you!
* * * LOW HITPOINT WARNING * * *
Unknown command.
There is a lethal amount of poison in your body!
It was a potion of flight.
You feel very buoyant.
You fly up into the air.
Your transformation is almost over.
You die...

.............................#...
.........#.........####.......[..
##................(####.......###
####........<#.......#.......# #
#..........Z.............## #
.######.#...###.l###..........###
............# #So..# ##..........
.######.##..# ##S#.# #.......#..
#.##..# #@#.# ##.....#... #..#..#
#.#(####.......... ##.#..##
#.#).....#######..
#.#...###....##### #.....
#...#...##...# #.....
###.###.##.### #..... #># #.#.[#
#..... #.# #...## #..... ###
#..## #.....


You could see a water moccasin, an iguana, an adder, an orc and a centaur
skeleton.

Vanquished Creatures
  A bullfrog (D:4)
  A hound (D:4)
  Robin (D:3)
  3 gnolls (D:2)
  6 adders
  An adder skeleton (D:4)
  2 worms (D:2)
  3 dart slugs
  9 orcs (D:3)
  7 bats
  6 endoplasms
  5 giant cockroaches
  15 goblins
  10 hobgoblins
  9 jackals
  2 kobolds
  4 quokkas
  4 ball pythons
  5 frilled lizards
  6 rats
100 creatures vanquished.

Vanquished Creatures (collateral kills)
  A goblin (D:2)
1 creature vanquished.

Vanquished Creatures (others)
  A hobgoblin (D:3)
  A rat (D:2)
2 creatures vanquished.

Grand Total: 103 creatures vanquished

Notes
Turn   | Place    | Note
-------+----------+-------------------------------------------
     0 | D:1      | greenreed the Draconian Transmuter began the quest for the
                  | Orb.
     0 | D:1      | Reached XP level 1. HP: 16/16 MP: 3/3
   283 | D:1      | Reached XP level 2. HP: 21/23 MP: 3/5
   499 | D:1      | Found a faded altar of an unknown god.
   810 | D:1      | Reached XP level 3. HP: 28/28 MP: 6/6
  1415 | D:2      | Learned a level 1 spell: Summon Small Mammal
  1514 | D:2      | Reached XP level 4. HP: 30/36 MP: 4/7
  1783 | D:2      | Reached skill level 4 in Unarmed Combat
  2442 | D:3      | Reached XP level 5. HP: 29/41 MP: 9/9
  2868 | D:3      | Found a bloodstained altar of Trog.
  3248 | D:3      | Noticed Robin
  3970 | D:3      | Killed Robin
  3971 | D:3      | Reached skill level 1 in Summonings
  4191 | D:4      | Reached XP level 6. HP: 43/48 MP: 8/11
  4595 | D:4      | Found an ancient bone altar of Kikubaaqudgha.
  4596 | D:4      | Noticed a water moccasin
  4640 | D:4      | Succumbed to a water moccasin's poison

Illustrated notes

Levels and vault maps discovered:
D:1:      pf_arrival_petrified_forest, layout_basic,
          hellmonk_ecumenical_altar_slurped_away
D:2:      layout_rooms, ebering_dispersal_statue_hall, lemuel_old_faithful
D:3:      layout_loops_corners, mainiacjoe_overflow_alcove_1, kennysheep_donut,
          uniq_robin
D:4:      layout_rooms, mainiacjoe_overflow_tiny_flanked, lemuel_tele_altar,
          minmay_temple_entry_proselytizer

Skill      XL: |  1  2  3  4  5 |
---------------+----------------+-----
Dodging        | 2 |  2.6
Unarmed Combat | 4 |  4.5
Spellcasting   | 3 |  3.5
Fighting       | 2 |  2.0
Summonings     | 1 |  1.3
Transmutations | 3 |  3.1

Action                   |  1- 3 |  4- 6 || total
-------------------------+-------+-------++-------
Melee: Unarmed           |   107 |   208 ||   315
       Kick              |    14 |    39 ||    53
       Tailslap          |     7 |    15 ||    22
       Headbutt          |    11 |    14 ||    25
       Punch             |       |     2 ||     2
 Cast: Beastly Appendage |    24 |    41 ||    65
       Summon Small Mamm |     4 |    16 ||    20
  Use: Potion            |       |     1 ||     1
 Stab: Sleeping          |     1 |     1 ||     2
Armor: Skin              |    25 |    72 ||    97
Dodge: Dodged            |    59 |   153 ||   212

Table legend: (Time is in decaauts)
 A = Elapsed time spent in this place.
 B = Non-inter-level travel time spent in this place.
 C = Inter-level travel time spent in this place.
 D = Time resting spent in this place.
 E = Time spent auto-exploring this place.
 F = Levels seen in this place.
 G = Mean time per level.
                   A        B        C        D        E       F      G
               +--------+--------+--------+--------+--------+-----+--------+
         Total |   4619 |   4441 |    178 |    760 |   2752 |   4 | 1154.8 |
       Dungeon |   4619 |   4441 |    178 |    760 |   2752 |   4 | 1154.8 |
               +--------+--------+--------+--------+--------+-----+--------+

Top non-repeatable levels by time:
     D:3: 1715 daAuts
     D:2: 1464 daAuts
     D:1: 975 daAuts
     D:4: 465 daAuts
